 Dungeon Crawl Stone Soup version 0.27.1-2-g3b301248ec (webtiles) character file.

Game seed: 4063215919535524826

265 worthlessgem the Magician (level 6, -5/46 HPs)
             Began as a Djinni Fire Elementalist on Sept 23, 2021.
             Was a Follower of Elyvilon.
             Killed from afar by a white imp (12 damage)
             ... with a puff of frost
             ... on level 6 of the Dungeon.
             The game lasted 00:18:45 (5015 turns).

worthlessgem the Magician (DjFE)                    Turns: 5015, Time: 00:18:46

Health: -5/46      AC:  2    Str:  8    XL:     6   Next: 44%
Gold:   130        EV: 12    Int: 18    God:    Elyvilon [*.....] SH:  0 Dex: 13

rFire    + + .     SeeInvis .   a - +1 dagger (flame)
rCold    x . .     Faith    .   (no shield)
rNeg     . . .     Spirit   .   f - +0 robe
rPois    ∞         Reflect  .   (no helmet)
rElec    .         Harm     .   (no cloak)
rCorr    .         Rampage  .   (no gloves)
Will     .....                  (boots unavailable)
Stlth    ++........             (no amulet)
HPRegen  0.15/turn              (no ring)
MPRegen  0.00/turn              (no ring)

@: divinely protected, flying
A: sickness immunity, fire resistance 2, cold vulnerability 1, float, innate
caster, hp casting, extra vitality 1
a: Renounce Religion, Lesser Healing, Divine Protection


You were on level 6 of the Dungeon.
You worshipped Elyvilon.
Elyvilon was aware of your devotion.
You visited 1 branch of the dungeon, and saw 6 of its levels.

You collected 130 gold pieces.

Inventory:

Hand Weapons
 a - a +1 dagger of flaming (weapon)
 w - a +0 hunting sling
Missiles
 c - 3 javelins
 n - 98 stones
 s - 13 bolts
 t - 28 sling bullets
Armour
 f - a +0 robe (worn)
Jewellery
 g - an amulet of the acrobat
Wands
 p - a wand of acid (5)
Scrolls
 b - 2 scrolls of blinking {unknown}
 d - a scroll of immolation {unknown}
 e - 2 scrolls of identify {unknown}
 i - a scroll of teleportation {unknown}
 l - a scroll of fog {unknown}
 m - a scroll of noise {unknown}
 o - 2 scrolls of vulnerability {unknown}
 u - a scroll of holy word {unknown}
Potions
 h - 3 potions of haste {unknown}
 j - a potion of degeneration {unknown}
 k - a potion of invisibility {unknown}
 q - a potion of curing {unknown}
 r - 2 potions of might {unknown}
 v - a potion of resistance {unknown}


   Skills:
 + Level 3.1 Fighting
 - Level 2.1 Dodging
 - Level 1.5 Stealth
 * Level 4.5 Spellcasting


You couldn't memorise any spells.
You knew the following spells:

 Your Spells              Type           Power      Damage    Failure   Level
a - Foxfire               Conj/Fire      80%        2x1d8     2%          1
b - Conjure Flame         Conj/Fire      20%        6-21      7%          3
c - Inner Flame           Hex/Fire       20%        N/A       7%          3
d - Sticky Flame          Conj/Fire      20%        2d4       22%         4
e - Fireball              Conj/Fire      10%        3d6       52%         5
f - Shock                 Conj/Air       80%        1d8       2%          1
g - Slow                  Hex            20%        N/A       3%          2
Your spell library was empty.

Dungeon Overview and Level Annotations

Branches:
Dungeon (7/15)
 Temple: D:4-7

Altars:
Elyvilon

Shops:
D:3 =

Annotations:
D:3 Ijyb


Innate Abilities, Weirdness & Mutations

You are immune to sickness and miasma.
You are immune to poison.
Your flesh is very heat resistant. (rF++)
You are vulnerable to cold. (rC-)
You float through the air rather than walking.
You learn spells naturally, not from books.
Your magical power is your life essence.
You have superior vitality. (+4 HP)


Message History

Increase (S)trength, (I)ntelligence, or (D)exterity?
You feel stronger.
You start resting.
HP restored.
Found a stone staircase leading down.
A white imp comes into view.
The white imp shouts!
The white imp gestures at you. The puff of frost hits you!
You feel a terrible chill!
Casting: Conjure Flame (dangerous; 7% risk of failure)
Confirm with . or Enter, or press ? or * to list all spells.
Okay, then.
The white imp gestures at you. The puff of frost hits you!!
You feel a terrible chill!
* * * LOW HITPOINT WARNING * * *
There is a stone staircase leading down here.
You fly downwards.
The gnoll shouts! x3; You hear a shout!
Found 19 arrows.
Found two stone staircases leading down.
There is a stone staircase leading up here.
Unknown command.
You beseech Elyvilon to protect your life.
The gnoll sergeant shouts!
You fly upwards.
There is a stone staircase leading down here.
Unknown command.
The white imp gestures at you. The puff of frost hits you!
You feel a terrible chill!
* * * LOW HITPOINT WARNING * * *
Your divine protection fades away.
The white imp summons a swarm of flies.
You beseech Elyvilon to protect your life.
The white imp gestures at you. The puff of frost misses you.
Your divine protection fades away.
You beseech Elyvilon to protect your life.
The white imp gestures at you. The puff of frost hits you!
You feel a terrible chill!
You die...

#.#.#
....
# #.#
...
#5#
..
#.# .
#.#
#.#
#.#
#.#
#@#
#.#
#.#
#.#
#.#
...
...
...


You could see a white imp.

Vanquished Creatures
  A hornet zombie (D:6)
  A water moccasin zombie (D:3)
  Robin (D:3)
  4 adders
  A dart slug (D:1)
  5 endoplasms
  3 giant cockroaches (D:1)
  7 hobgoblins
  7 jackals
  4 kobolds
  2 quokkas
  3 ball pythons
  3 bats
  A frilled lizard (D:1)
  17 goblins
  3 rats
63 creatures vanquished.

Vanquished Creatures (others)
  120 foxfires
  A plant (D:2)
121 creatures vanquished.

Grand Total: 184 creatures vanquished

Notes
Turn   | Place    | Note
-------+----------+-------------------------------------------
     0 | D:1      | worthlessgem the Djinni Fire Elementalist began the quest
                  | for the Orb.
     0 | D:1      | Reached XP level 1. HP: 15/15 MP: 0/0
   321 | D:1      | Reached XP level 2. HP: 17/22 MP: 0/0
   953 | D:1      | Reached skill level 1 in Fighting
  1193 | D:1      | Reached XP level 3. HP: 21/27 MP: 0/0
  1193 | D:1      | Learned a level 1 spell: Shock
  1287 | D:1      | Reached skill level 3 in Spellcasting
  2340 | D:2      | Found a faded altar of an unknown god.
  2491 | D:2      | Reached XP level 4. HP: 23/33 MP: 0/0
  3430 | D:3      | Noticed Robin
  3440 | D:3      | Killed Robin
  3450 | D:3      | Reached XP level 5. HP: 8/38 MP: 0/0
  3450 | D:3      | Learned a level 2 spell: Slow
  3796 | D:3      | Reached skill level 4 in Spellcasting
  3938 | D:3      | Found a white marble altar of Elyvilon.
  3968 | D:3      | Became a worshipper of Elyvilon the Healer
  4080 | D:3      | Noticed Ijyb
  4244 | D:3      | Found Noyr's Jewellery Shop.
  4677 | D:4      | You are sucked into a shaft and drop 2 floors!
  4677 | D:6      | Reached * piety under Elyvilon
  4687 | D:6      | Elyvilon protects you from harm!
  4689 | D:6      | Reached XP level 6. HP: 4/46 MP: 0/0
  5015 | D:6      | Killed from afar by a white imp

Illustrated notes

Levels and vault maps discovered:
D:1:      moated_graveyard_arrival, layout_basic, glass_columns_b,
          corexii_item_surrounded_by_moat
D:2:      layout_basic, shapermc_ecumenical_altar_mp_vishouse, serial_forest,
          infiniplex_forest_lined_room_, infiniplex_forest_corner_2,
          infiniplex_forest_straight_2, infiniplex_forest_lined_3,
          infiniplex_forest_clump_double, infiniplex_forest_lined_2,
          infiniplex_forest_lined_room_, infiniplex_forest_straight_4,
          infiniplex_forest_end_1, infiniplex_forest_clump_tiny
D:3:      layout_loops_cross, elyvilon_altar_5, serial_shops,
          nicolae_square_shop, minmay_misc_feat_hallway, uniq_ijyb, uniq_robin
D:4:      layout_loops_cross, minmay_temple_entry_fiery, minmay_small_thing
D:6:      layout_basic, amcnicky_altar_gilded, uniq_maggie
D:7:      layout_loops_corners, general_overflow_altar

Skill      XL: |  1  2  3  4  5 |
---------------+----------------+-----
Fighting       | 1 2 3 |  3.1
Spellcasting   | 3 4 |  4.5
Dodging        | |  2.1
Stealth        | |  1.5

Action                   |  1- 3 |  4- 6 || total
-------------------------+-------+-------++-------
Melee: Dagger            |     6 |     8 ||    14
 Fire: Hunting sling     |     4 |    31 ||    35
 Cast: Foxfire           |    64 |    11 ||    75
       Inner Flame       |       |     4 ||     4
       Shock             |       |    14 ||    14
       Conjure Flame     |       |     4 ||     4
Invok: Divine Protection |       |     3 ||     3
 Stab: Sleeping          |     1 |       ||     1
Armor: Robe              |     2 |     4 ||     6
Dodge: Dodged            |     6 |    19 ||    25
